AoeStats
← GAX | Urubu

Black Forest

510170843Analyzed
4v4 RM · 3d ago on Sep 29, 2026· 29m 17s· 8 players
Game mode
Random Map
Map size
Large (8 player)
Population
200
Speed
Normal
Resources
Standard
Victory
Conquest
Starting age
Dark Age
Ending age
Imperial Age
RankedLock teamsTeams togetherTeam positionsShared explorationLock speedFull tech treeHidden civsTurbo modeCheats
Victory
Defeat
🇦🇷 Saracens · Argentina
1679
+13
🇩🇪 Japanese · Germany
1636
+14
🇫🇷 Turks · France
1629
+15
🇦🇷 Ethiopians · Argentina
1602
+16
🇺🇸 Italians · United States
1710
-19
🇲🇽 Gurjaras · Mexico
1620
-15
🇧🇷 Ethiopians · Brazil
1603
-14
🇲🇽 Khitans · Mexico
1475
-10
LM \ Molle
6:25 Loom
11:01 Feudal Age
14:52 Castle Age
12:48 Horse Collar
13:17 Double-Bit Axe
14:47 Gold Mining
15:57 Bow Saw
18:07 Fletching
18:46 Bodkin Arrow
19:05 Padded Archer Armor
21:40 Padded Archer Armor
21:51 Bloodlines
24:18 Leather Archer Armor
27:26 Ballistics
28:48 Wheelbarrow
27:58 Town Watch
76nateK
1:43 Loom
12:56 Feudal Age
12:59 Man-at-Arms
14:22 Arson
16:37 Wheelbarrow
16:40 Double-Bit Axe
16:38 Horse Collar
20:49 Fletching
29:37 Castle Age
Didi
0:32 Loom
13:21 Feudal Age
17:52 Castle Age
15:46 Double-Bit Axe
16:51 Gold Mining
16:44 Horse Collar
19:48 Town Watch
22:10 Scale Mail Armor
23:32 Royal Heirs
26:08 Wheelbarrow
26:39 Chain Mail Armor
27:24 Squires
28:15 Fortified Wall
29:42 Fletching
FutureEwe5582
10:32 Feudal Age
14:08 Castle Age
11:55 Double-Bit Axe
11:50 Horse Collar
14:26 Wheelbarrow
15:06 Bow Saw
24:37 Loom
25:08 Hand Cart
30:23 Imperial Age
28:17 Fletching
28:47 Padded Archer Armor
29:12 Bodkin Arrow
28:54 Crossbowman
quesarito
0:27 Loom
12:07 Feudal Age
12:41 Double-Bit Axe
17:54 Fletching
19:09 Horse Collar
21:39 Padded Archer Armor
29:26 Castle Age
28:31 Gold Mining
§Y¶# Ä
1:19 Loom
10:44 Feudal Age
15:55 Castle Age
20:01 Redemption
28:49 Scale Barding Armor
AM | DEMONIO_MX
5:44 Loom
10:35 Feudal Age
11:05 Domestication
11:45 Double-Bit Axe
14:28 Forging
19:06 Scale Barding Armor
29:09 Castle Age
27:41 Gold Mining
GAX | Urubu
3:42 Loom
11:37 Feudal Age
12:07 Double-Bit Axe
12:03 Horse Collar
19:28 Castle Age
18:38 Fletching
22:25 Wheelbarrow
21:47 Gold Mining
22:37 Bow Saw
23:36 Masonry
26:17 Imperial Age
23:36 Crossbowman
24:46 Bodkin Arrow
25:52 Ballistics
26:37 Padded Archer Armor
27:57 Chemistry
28:14 Bracer
Connection lost

Rejoining the realm…

Still unreachable

The connection could not be restored.

Session expired

The server has moved on; the page needs a fresh start.